 Dungeon Crawl Stone Soup version 0.28.0-47-ge53b351184 (webtiles) character file.

Game seed: 13667723823619411025

25 101zpm the Magician (level 2, -3/24 HPs)
             Began as a Troll Hedge Wizard on Apr 28, 2022.
             Slain by a hobgoblin (4 damage)
             ... on level 1 of the Dungeon.
             The game lasted 00:01:36 (729 turns).

101zpm the Magician (Troll Hedge Wizard)             Turns: 729, Time: 00:01:36

Health: -3/24      AC:  4    Str: 17    XL:     2   Next: 82%
Magic:  4/4        EV: 10    Int: 10    God:
Gold:   37         SH:  0    Dex:  9    Spells: 4/5 levels left

rFire   . . .      SeeInvis .   a - +0 dagger
rCold   . . .      Faith    .   (no shield)
rNeg    . . .      Spirit   .   b - +0 robe
rPois   .          Reflect  .   c - +0 hat
rElec   .          Harm     .   (no cloak)
rCorr   .          Rampage  .   (gloves unavailable)
Will    .....                   (boots unavailable)
Stlth   +.........              (no amulet)
HPRegen 0.88/turn               (no ring)
MPRegen 0.09/turn               (no ring)

@: very slow
A: large, unfitting armour, claws 3, regeneration 1, shaggy fur 1, tough skin 1
a: no special abilities


You were on level 1 of the Dungeon.
You visited 1 branch of the dungeon, and saw 2 of its levels.

You collected 37 gold pieces.

Inventory:

Hand Weapons
 a - a +0 dagger (weapon)
Missiles
 g - 3 large rocks
Armour
 b - a +0 robe (worn)
 c - a +0 hat (worn)
Scrolls
 d - a scroll of holy word {unknown}
Potions
 e - a potion of magic {unknown}
 f - a potion of cancellation {unknown}
 h - a potion of ambrosia {unknown}


   Skills:
 + Level 0.1 Short Blades
 + Level 2.0 Dodging
 + Level 1.1 Stealth
 + Level 2.3 Spellcasting
 + Level 0.6 Conjurations
 + Level 0.6 Summonings
 + Level 0.6 Translocations


You had 4 spell levels left.
You knew the following spells:

 Your Spells              Type           Power      Damage    Failure   Level
a - Magic Dart            Conj           8%         1d3       24%         1

Your spell library contained the following spells:

 Spells                   Type           Power      Damage    Failure   Level
 Slow                     Hex            4%         N/A       30%         1
 Blink                    Tloc           4%         N/A       34%         2
 Call Imp                 Summ           2%         N/A       34%         2
 Conjure Flame            Conj/Fire      1%         6-21      63%         3
 Mephitic Cloud           Conj/Pois/Air  1%         N/A       63%         3


Dungeon Overview and Level Annotations

Branches:
Dungeon (2/15)

Altars:
Cheibriados

Shops:
D:2 (

Annotations:
D:1 Terence


Innate Abilities, Weirdness & Mutations

You are too large for most types of armour.
You have claws for hands.
Your natural rate of healing is unusually fast.
You are covered in fur. (AC +1)
You have tough skin. (AC +1)


Message History

You barely miss Terence. Terence closely misses you.
You hit Terence.
Terence is lightly wounded.
Terence hits you with a +0 mace!
You hit Terence but do no damage.
Terence is lightly wounded.
Terence barely misses you.
You hit Terence.
Terence is lightly wounded.
Terence hits you with a +0 mace.
You hit Terence but do no damage.
Terence is lightly wounded.
Terence hits you with a +0 mace!
You barely miss Terence.
Terence is lightly wounded.
Terence hits you with a +0 mace.
* * * LOW HITPOINT WARNING * * *
The hobgoblin hits you but does no damage.
You hit Terence but do no damage.
Terence is lightly wounded.
Terence barely misses you. The hobgoblin barely misses you.
You hit Terence.
Terence is lightly wounded.
Terence shouts, "Get ready for death!"
Terence hits you with a +0 mace.
* * * LOW HITPOINT WARNING * * *
The hobgoblin splashes around in the water.
You closely miss Terence.
Terence is lightly wounded.
Terence closely misses you.
The hobgoblin splashes around in the water.
You hit Terence but do no damage.
Terence is lightly wounded.
Terence splashes around in the water.
The hobgoblin barely misses you.
You hit Terence but do no damage.
Terence is lightly wounded.
Terence hits you with a +0 mace!
* * * LOW HITPOINT WARNING * * *
The hobgoblin hits you.
You die...

#..≈≈≈≈.≈≈≈≈.##.
##.P≈≈...≈≈P.#..
#..............
#.....<........
#...........##
#.P≈≈...≈≈P.#
#.≈≈≈≈.≈≈≈≈.#
#.≈≈≈≈.@≈≈≈.##+#
#..≈≈≈≈.≈@g≈.....
#..≈≈≈≈.≈≈≈≈.....
#..≈≈≈≈.≈≈≈≈....(
#..≈≈≈≈.≈≈≈≈.....
..≈≈≈≈.≈≈≈≈.....
..≈≈≈≈.≈≈≈≈.....
..P≈≈P.P≈≈P.....
...............


You could see Terence and a hobgoblin.

Vanquished Creatures
  A dart slug (D:2)
  3 bats (D:2)
  3 endoplasms (D:2)
  2 goblins
  A hobgoblin (D:2)
  3 jackals (D:2)
  A kobold (D:2)
  3 quokkas
  A frilled lizard (D:2)
  A rat (D:2)
19 creatures vanquished.

Notes
Turn   | Place    | Note
-------+----------+-------------------------------------------
     0 | D:1      | 101zpm the Troll Hedge Wizard began the quest for the Orb.
     0 | D:1      | Reached XP level 1. HP: 16/16 MP: 2/2
   225 | D:2      | Reached XP level 2. HP: 24/24 MP: 4/4
   595 | D:2      | Found a snail-covered altar of Cheibriados.
   640 | D:2      | Found Tinipt's Weapon Boutique.
   662 | D:2      | Noticed Terence
   729 | D:1      | HP: 1/24 [Terence/+0 mace (7)]
   729 | D:1      | Slain by a hobgoblin

Illustrated notes

Levels and vault maps discovered:
D:1:      giann_bridges, layout_basic, ebering_ecumenical_altar_rust,
          hangedman_decor_points, minmay_pentomino_z2
D:2:      layout_basic, serial_shops, shop_statue, basic_altar, uniq_terence

Skill      XL: |  1  2 |
---------------+-------+-----
Dodging        | 2 |  2.0
Short Blades   | |  0.1
Stealth        | |  1.1
Spellcasting   | |  2.3
Conjurations   | |  0.6
Summonings     | |  0.6
Translocations | |  0.6

Action                   || total
-------------------------++-------
Melee: Dagger            ||   141
       Punch             ||     3
 Cast: Magic Dart        ||    12
 Stab: Sleeping          ||     1
Armor: Robe              ||    48
Dodge: Dodged            ||    76
